 Dungeon Crawl Stone Soup version 0.24-a0-170-gd8427f5 (console) character file.

Game seed: 6403425917792939891

16613 Voker57 the Carver (level 12, -3/92 HPs)
             Began as a Demonspawn Gladiator on Mar 11, 2019.
             Was a High Priest of Sif Muna.
             Slain by a five-headed hydra (7 damage)
             ... on level 3 of the Lair of Beasts.
             The game lasted 00:29:12 (16936 turns).

Voker57 the Carver (Demonspawn Gladiator)          Turns: 16936, Time: 00:29:13

Health: -3/92      AC:  6    Str: 23    XL:     12   Next: 11%
Magic:  0/22       EV: 24    Int: 13    God:    Sif Muna [*****.]
Gold:   656        SH:  5    Dex: 24    Spells: 10/24 levels left

rFire    . . .     SeeInvis .   d - +1 dire flail (crush)
rCold    . . .     Gourm    .   (shield currently unavailable)
rNeg     . . .     Faith    .   x - +1 leather armour of Death Resistance {Str+4 Slay+3}
rPois    +         Spirit   +   (helmet restricted)
rElec    .         Reflect  +   (no cloak)
rCorr    .         Harm     .   g - +1 pair of gloves
MR       +....     Clarity  +   (no boots)
Stlth    +++.......             y - +5 amulet of reflection
HPRegen  0.25/turn              l - ring of protection from magic
MPRegen  0.36/turn              m - +3 ring of intelligence

@: agile, starving, divine energy
A: antennae 1, clarity, poison resistance, powered by pain 2, strong 2,
evolution 1, magic shield, magic regeneration, sturdy frame 1
a: Stop Divine Energy, Channel Magic, Forget Spell, Renounce Religion


You were on level 3 of the Lair of Beasts.
You worshipped Sif Muna.
Sif Muna was extremely pleased with you.
You were starving.

You visited 2 branches of the dungeon, and saw 12 of its levels.

You collected 824 gold pieces.
You spent 168 gold pieces at shops.

Inventory:

Hand Weapons
 a - a +1 long sword
 b - a +1 dagger of venom
 d - a +1 dire flail of crushing (weapon)
 H - a +3 blowgun
Missiles
 e - 8 javelins of returning (quivered)
 I - 8 curare-tipped needles
Armour
 c - a +0 helmet
 g - a +1 pair of gloves (worn)
 x - the +1 leather armour of Death Resistance (worn) {Str+4 Slay+3}
   (You found it on level 6 of the Dungeon)

   It affects your strength (+4).
   It affects your accuracy and damage with ranged weapons and melee attacks
   (+3).
 A - a +1 leather armour
Jewellery
 l - a ring of protection from magic (left hand)
 m - a +3 ring of intelligence (right hand)
 o - a cursed ring of attention
 y - a +5 amulet of reflection (around neck)
 B - an uncursed amulet of the acrobat
Wands
 i - a wand of flame (11)
 u - a wand of paralysis (19)
 v - a wand of digging (3)
 D - a wand of scattershot (3)
 K - a wand of acid (6)
Scrolls
 h - 3 scrolls of identify
 j - 7 scrolls of teleportation
 p - 2 scrolls of amnesia
 s - 6 scrolls of remove curse
 t - 3 scrolls of magic mapping
 w - 2 scrolls of enchant armour
 E - a scroll of blinking
 L - a scroll of enchant weapon
Potions
 k - 3 potions of degeneration
 n - 3 potions of flight
 q - a potion of haste
 r - 2 potions of mutation
 z - 2 potions of agility
 C - 2 potions of brilliance
 F - a potion of curing
 G - 3 potions of cancellation {unknown}
 J - a potion of berserk rage {unknown}
Comestibles
 f - 12 rations


   Skills:
 + Level 8.1 Fighting
 * Level 10.6 Long Blades
 - Level 1.7 Throwing
 + Level 4.3 Armour
 + Level 7.7 Dodging
 + Level 6.7 Spellcasting
 + Level 7.1 Summonings
 + Level 2.8 Ice Magic
 + Level 2.9 Air Magic


You had 10 spell levels left.
You knew the following spells:

 Your Spells              Type           Power        Failure   Level  Hunger
a - Summon Small Mammal   Summ           ###.         1%          1    None
b - Call Imp              Summ           ###.....     1%          2    #......
c - Call Canine Familiar  Summ           ###.....     2%          3    ###....
d - Summon Ice Beast      Ice/Summ       ###.....     21%         4    ####...
e - Summon Lightning Spi  Summ/Air       ###.....     21%         4    ####...

Your spell library contained the following spells:

 Spells                   Type           Power        Failure   Level  Hunger
 Summon Guardian Golem    Hex/Summ       ##......     11%         3    ###....


Dungeon Overview and Level Annotations

Branches:
Dungeon (9/15)             Temple (0/1) D:7            Lair (3/6) D:9
    Orc (0/2) D:9
  Swamp: Lair:2-4    Shoals: Lair:2-4     Snake: Lair:2-4    Spider: Lair:2-4

Altars:
Cheibriados
Dithmenos
Fedhas
Gozag
Hepliaklqana
Makhleb
Nemelex Xobeh
Sif Muna
Uskayaw
Vehumet
Wu Jian
Yredelemnul
Zin
The Shining One

Shops:
D:5 [


Innate Abilities, Weirdness & Mutations

You have a pair of small antennae on your head.
You sometimes gain power by taking damage.
When hurt, damage is shared between your health and your magic reserves.
You regenerate magic rapidly.
Your movements are slightly less encumbered by armour. (ER -2)
You possess an exceptional clarity of mind.
Your system is resistant to poisons. (rPois)
Your muscles are very strong. (Str +4)
You evolve.


Message History

The five-headed hydra bites you!
* * * LOW HITPOINT WARNING * * *
The five-headed hydra closely misses you.
The five-headed hydra misses you.
The five-headed hydra completely misses you.
The five-headed hydra misses you.
Your ice beast completely misses the five-headed hydra.
You completely miss the five-headed hydra.
The five-headed hydra is severely wounded.
The five-headed hydra bites you but does no damage.
The five-headed hydra bites you!
* * * LOW HITPOINT WARNING * * *
The five-headed hydra misses you. The five-headed hydra bites you.
* * * LOW HITPOINT WARNING * * *
The five-headed hydra bites you but does no damage.
Your ice beast hits the five-headed hydra.
Your ice beast freezes the five-headed hydra!
The five-headed hydra seems to slow down.
The five-headed hydra bites you!
You die...

.........## ..#
.....#....####..#
..P.......#P.##.##
.....#..........P#
<........P#......#
....#....P##....## #
....##...###....# .##
#..##.....####..###..#
......>..P####.#.#Y..#
.......(........@D..#
....................#
######(##.###P####.#.#
# ###### ### ## #


You could see a five-headed hydra and a friendly ice beast.

Vanquished Creatures
  2 two-headed ogres
  A hydra (Lair:2)
  A queen ant (Lair:2)
  6 elephants
  A black mamba (Lair:1)
  6 spiny frogs
  A komodo dragon (Lair:1)
  2 rime drakes
  A troll (D:8)
  9 blink frogs
  2 hippogriffs
  A wyvern (D:9)
  8 yaks
  3 basilisks
  A hungry ghost (D:7)
  4 soldier ants (Lair:2)
  2 water moccasins (Lair:3)
  8 porcupines
  An orc warrior (D:9)
  A hornet zombie (D:9)
  A phantom (D:8)
  3 black bears
  2 ogres
  5 crocodiles (Lair:2)
  3 centaurs
  2 big kobolds (D:9)
  4 bullfrogs
  A gnoll sergeant (D:8)
  5 scorpions
  5 howler monkeys
  3 crimson imps
  2 centaur zombies
  2 jellies
  4 quasits
  A centaur skeleton (D:6)
  3 hounds
  7 orc priests
  Crazy Yiuf (D:2)
  2 iguanas
  An iron imp (D:6)
  Jessica (D:2)
  6 orc wizards
  21 worker ants
  A killer bee zombie (D:9)
  A hound skeleton (D:6)
  5 gnolls
  2 howler monkey skeletons (D:6)
  11 adders
  3 shadow imps
  2 adder skeletons
  4 worms
  3 dart slugs
  6 leopard geckos
  36 orcs
  3 ball pythons
  2 giant cockroaches
  6 goblins
  6 hobgoblins
  3 jackals
  A quokka (D:5)
  4 bats
  3 frilled lizards
  A jackal zombie (D:8)
  17 kobolds
  A leopard gecko zombie (D:8)
  5 rats
272 creatures vanquished.

Vanquished Creatures (collateral kills)
  A troll (D:9)
  A blink frog (Lair:2)
  A hungry ghost (D:7)
  A phantom (D:7)
  An orc wizard (D:9)
  A gnoll shaman (D:7)
  2 gnolls (D:7)
  An adder zombie (D:6)
  An orc (D:4)
  4 kobolds (D:9)
  A jackal skeleton (D:6)
15 creatures vanquished.

Vanquished Creatures (others)
  An orc wizard (D:9)
  A bush (D:8)
  2 fungi
  2 plants (Lair:2)
6 creatures vanquished.

Grand Total: 293 creatures vanquished

Notes
Turn   | Place    | Note
-------+----------+-------------------------------------------
     0 | D:1      | Voker57 the Demonspawn Gladiator began the quest for the
                  | Orb.
     0 | D:1      | Reached XP level 1. HP: 16/16 MP: 1/1
   148 | D:1      | Reached skill level 3 in Long Blades
   243 | D:1      | Gained mutation: Your movements are slightly less
                  | encumbered by armour. (ER -2) [demonic ancestry]
   243 | D:1      | Reached XP level 2. HP: 18/22 MP: 2/2
   917 | D:1      | Gained mutation: You sometimes gain a little power by
                  | taking damage. [demonic ancestry]
   917 | D:1      | Reached XP level 3. HP: 28/28 MP: 3/3
  1157 | D:2      | Noticed Jessica
  1172 | D:2      | Killed Jessica
  1172 | D:2      | Gained mutation: You have a pair of small antennae on your
                  | head. [demonic ancestry]
  1172 | D:2      | Reached XP level 4. HP: 22/34 MP: 4/4
  1205 | D:2      | Reached skill level 4 in Long Blades
  1338 | D:2      | Gained mutation: You sometimes gain power by taking damage.
                  | [demonic ancestry]
  1338 | D:2      | Reached XP level 5. HP: 17/41 MP: 5/5
  1746 | D:2      | Found a blossoming altar of Fedhas.
  1783 | D:2      | Noticed a +0 dagger
  1783 | D:2      | Noticed a +0 hand axe
  1786 | D:2      | Found a hide-covered altar of Uskayaw.
  1968 | D:2      | Found a runed translucent door.
  1969 | D:2      | Noticed Crazy Yiuf
  2037 | D:2      | Found a radiant altar of Vehumet.
  2147 | D:2      | Found a faded altar of an unknown god.
  2153 | D:2      | Became a worshipper of Sif Muna the Loreminder
  2153 | D:2      | Reached * piety under Sif Muna
  2525 | D:2      | Killed Crazy Yiuf
  2874 | D:3      | Found a basalt altar of Yredelemnul.
  2889 | D:3      | Reached XP level 6. HP: 32/47 MP: 6/6
  2945 | D:3      | Reached skill level 1 in Spellcasting
  3384 | D:3      | Learned a level 1 spell: Summon Small Mammal
  3504 | D:4      | Reached skill level 5 in Long Blades
  4005 | D:5      | Entered Level 5 of the Dungeon
  4072 | D:5      | Reached skill level 1 in Summonings
  4072 | D:5      | Reached XP level 7. HP: 34/53 MP: 9/9
  4190 | D:5      | Found Rautwid's Antique Armour Shoppe.
  4208 | D:5      | Bought a shimmering leather armour for 168 gold pieces
  4218 | D:5      | Identified the +1 leather armour of the Constellations {MR+
                  | Regen+ Slay-5} (You bought it in a shop on level 5 of the
                  | Dungeon)
  4391 | D:5      | Found a hazy altar of Hepliaklqana.
  4833 | D:5      | Reached ** piety under Sif Muna
  5163 | D:5      | Gained mutation: You evolve. [potion of mutation]
  5163 | D:5      | Gained mutation: You are robust. (+10% HP) [potion of
                  | mutation]
  5163 | D:5      | Lost mutation: You are robust. (+10% HP) [potion of
                  | mutation]
  5163 | D:5      | Gained mutation: You possess an exceptional clarity of
                  | mind. [potion of mutation]
  5173 | D:5      | Reached skill level 6 in Long Blades
  5431 | D:5      | Found a burning altar of Makhleb.
  5489 | D:5      | Gained mutation: Your system is resistant to poisons.
                  | (rPois) [evolution]
  5572 | D:5      | Found an ornate altar of the Wu Jian Council.
  5572 | D:5      | Found a glowing silver altar of Zin.
  5573 | D:5      | Found a sparkling altar of Nemelex Xobeh.
  5792 | D:6      | Found a snail-covered altar of Cheibriados.
  5805 | D:6      | Reached XP level 8. HP: 11/61 MP: 11/11
  6165 | D:6      | HP: 2/61 [yak (9)]
  6886 | D:6      | Got an obsidian-studded leather armour
  6904 | D:6      | Identified the +1 leather armour of Death Resistance {Str+4
                  | Slay+3} (You found it on level 6 of the Dungeon)
  6944 | D:6      | Learned a level 2 spell: Call Imp
  6948 | D:6      | Learned a level 3 spell: Call Canine Familiar
  6979 | D:6      | Reached skill level 5 in Fighting
  6979 | D:6      | Reached skill level 5 in Dodging
  7351 | D:6      | Reached skill level 7 in Long Blades
  7823 | D:6      | Gained mutation: When hurt, damage is shared between your
                  | health and your magic reserves. [demonic ancestry]
  7823 | D:6      | Reached XP level 9. HP: 36/68 MP: 9/14
  8298 | D:7      | Found a staircase to the Ecumenical Temple.
  8850 | D:7      | Reached *** piety under Sif Muna
  8857 | D:7      | Reached skill level 8 in Long Blades
  9148 | D:7      | Found a glowing golden altar of the Shining One.
  9395 | D:8      | Noticed a two-headed ogre
  9422 | D:8      | Killed a two-headed ogre
  9590 | D:8      | Found an opulent altar of Gozag.
  9602 | D:8      | Noticed a troll
  9611 | D:8      | Killed a troll
  9611 | D:8      | Reached skill level 5 in Summonings
  9960 | D:8      | Reached XP level 10. HP: 72/77 MP: 17/17
  9995 | D:8      | Found a shadowy altar of Dithmenos.
 10544 | D:9      | Reached skill level 1 in Armour
 10544 | D:9      | Reached skill level 5 in Spellcasting
 10652 | D:9      | Found a staircase to the Orcish Mines.
 11193 | D:9      | Noticed a two-headed ogre
 11197 | D:9      | Reached skill level 9 in Long Blades
 11435 | D:9      | Killed a two-headed ogre
 11515 | D:9      | Reached **** piety under Sif Muna
 11934 | D:9      | Found a staircase to the Lair.
 12023 | Lair:1   | Entered Level 1 of the Lair of Beasts
 12134 | Lair:1   | Gained mutation: Your muscles are strong. (Str +2)
                  | [evolution]
 12188 | Lair:1   | HP: 1/79 [porcupine's spines (8)]
 12557 | Lair:1   | Reached XP level 11. HP: 28/84 MP: 12/19
 12562 | Lair:1   | HP: 3/84 [blink frog (12)]
 12984 | Lair:1   | Learned a level 4 spell: Summon Ice Beast
 12989 | Lair:1   | Learned a level 4 spell: Summon Lightning Spire
 14032 | Lair:2   | Reached skill level 1 in Ice Magic
 14032 | Lair:2   | Reached skill level 1 in Air Magic
 14122 | Lair:2   | Reached skill level 10 in Long Blades
 14386 | Lair:2   | Noticed a queen ant
 14427 | Lair:2   | Killed a queen ant
 14493 | Lair:2   | HP: 1/85 [blink frog (7)]
 15081 | Lair:2   | Gained mutation: Your muscles are very strong. (Str +4)
                  | [evolution]
 15316 | Lair:2   | Noticed a six-headed hydra
 15326 | Lair:2   | Killed a six-headed hydra
 15590 | Lair:1   | HP: 1/86 [elephant (15)]
 16165 | Lair:2   | Gained mutation: You regenerate magic rapidly. [demonic
                  | ancestry]
 16165 | Lair:2   | Reached XP level 12. HP: 56/92 MP: 10/21
 16180 | Lair:2   | Reached ***** piety under Sif Muna
 16927 | Lair:3   | Noticed a five-headed hydra
 16936 | Lair:3   | HP: 4/92 [five-headed hydra (5)]
 16936 | Lair:3   | Slain by a five-headed hydra

Levels and vault maps discovered:
D:1:      erik_arrival_cave_to_civilisation [erik_arrival_cave_to_hall],
          layout_basic, kennysheep_small_spiral, minmay_pentomino_s2
D:2:      layout_loops_corners, vehumet_crystals, dancing_weapons_uskayaw,
          lemuel_doored_altar, chequers_ecumenical_altar_simple_redux,
          minmay_joined_circles, uniq_jessica, uniq_crazy_yiuf_cottage
D:3:      minmay_door_path, layout_loops_ring, yredelemnul_altar_generic
D:4:      layout_rooms
D:5:      layout_loops_corners, lemuel_round_altar,
          gammafunk_temple_overflow_claw, lightli_temple_of_fire, serial_shops,
          shop, first_ration
D:6:      layout_gridville, slow_altar_1
D:7:      layout_basic, marbit_many_paths, temple_pool_b
D:8:      layout_loops_ring, grunt_dithmenos_shadows, lemuel_round_altar,
          kb_lookout_dungeons_type
D:9:      layout_basic, lair_entry_dummy, orc_0_dummy
Lair:1:   layout_regular_city, beast_lair_carwin_5
Lair:2:   layout_big_grid, minmay_another_anthill, serial_bayou_shore_b
Lair:3:   layout_regular_city

Skill      XL: |  1  2  3  4  5  6  7  8  9 10 11 |
---------------+----------------------------------+-----
Long Blades    | 3 4 5 6 7 8 9 10 | 10.6
Dodging        | 3 4 5 6 7 |  7.7
Fighting       | 3 4 5 6 7 8 |  8.1
Spellcasting   | 1 2 3 4 5 6 |  6.7
Summonings     | 1 2 3 5 6 7 |  7.1
Armour         | 2 4 |  4.3
Ice Magic      | 2 |  2.8
Air Magic      | 2 |  2.9
Throwing       | |  1.7

Action                   |  1- 3 |  4- 6 |  7- 9 | 10-12 || total
-------------------------+-------+-------+-------+-------++-------
Melee: Long sword        |    89 |   203 |   426 |   458 ||  1176
       Dagger            |       |       |     3 |   120 ||   123
       Dire flail        |       |       |       |    12 ||    12
Throw: Throwing net      |       |     2 |     3 |     2 ||     7
       Javelin           |       |       |       |     2 ||     2
 Cast: Summon Small Mamm |       |     5 |       |     1 ||     6
       Call Canine Famil |       |       |    19 |    12 ||    31
       Call Imp          |       |       |     7 |     5 ||    12
       Summon Ice Beast  |       |       |       |     5 ||     5
       Summon Lightning  |       |       |       |     2 ||     2
Invok: Divine Energy     |       |       |       |     1 ||     1
Evoke: Wand              |       |       |       |     2 ||     2
  Use: Scroll            |     1 |     3 |    12 |    10 ||    26
       Potion            |       |       |    11 |     5 ||    16
 Stab: Held in net/web   |       |     1 |     2 |       ||     3
       Invisible         |       |       |     4 |       ||     4
       Sleeping          |       |       |     1 |     2 ||     3
       Distracted        |       |       |     1 |     1 ||     2
       Paralysed         |       |       |       |     2 ||     2
  Eat: Chunk             |       |    10 |    16 |    17 ||    43
       Ration            |       |       |     4 |     2 ||     6
Armor: Leather armour    |    47 |    59 |   111 |    85 ||   302
       Skin              |       |       |    16 |    11 ||    27
Dodge: Dodged            |    74 |   183 |   344 |   426 ||  1027
Block: Other             |       |       |    11 |   143 ||   154
       Reflection        |       |       |     1 |     4 ||     5
       Rpst.: Long sword |    23 |    45 |   104 |    81 ||   253

Table legend:
 A = Non-vault XP
 B = Vault XP
 C = Vault XP percentage of total XP
 D = Non-vault monster count
 E = Vault monster count
 F = Vault count percentage of total count
                 A         B        C        D         E       F
            +---------+---------+-------+---------+---------+-------
      Total |   19776 |    3957 |  16.7 |     236 |      52 |  18.1
            +---------+---------+-------+---------+---------+-------
        D:1 |      39 |       2 |   4.9 |      21 |       1 |   4.5
        D:2 |     107 |     170 |  61.4 |      13 |      17 |  56.7
        D:3 |     177 |      10 |   5.3 |      13 |       4 |  23.5
        D:4 |     146 |       0 |   0.0 |       9 |       0 |   0.0
        D:5 |     946 |       0 |   0.0 |      28 |       0 |   0.0
        D:6 |    1396 |      39 |   2.7 |      22 |       1 |   4.3
        D:7 |    1215 |       0 |   0.0 |      26 |       0 |   0.0
        D:8 |    1362 |     237 |  14.8 |      19 |       2 |   9.5
        D:9 |    3277 |       0 |   0.0 |      44 |       0 |   0.0
     Lair:1 |    3518 |    1469 |  29.5 |      12 |       7 |  36.8
     Lair:2 |    6867 |    2030 |  22.8 |      26 |      20 |  43.5
     Lair:3 |     726 |       0 |   0.0 |       3 |       0 |   0.0
            +---------+---------+-------+---------+---------+-------
